Unix NetHack Version 5.0.0-0 post-release - last build Jun 10 2026 00:39:30 (3ee93aec679c4c4259841fe613dc97188e26a321,branch:main).

Game began 2026-06-17 14:35:39, ended 2026-06-17 20:33:12.

LDaviesPeters, neutral female human Archeologist

                            --------------------
                            |.-.)..@@xY...%Y.`.|
                            |.|------------....---
                            |.-...@W.h|---|.-....|
                            --|..xx@@R|...|...--.|
                              |.x.....|..%.....`.|
                              |...<.x.|-.--.-....|
                              |.......|...|.`..-.|
                              |.......|.`.%..-...|
                              |.......|.|..-...-.|
                              ----------|..%.....|
                                        |.`..|.---
                                        --------

LDaviesPeters the Investigator  St:25 Dx:8 Co:18 In:14 Wi:16 Ch:9  Neutral
Dlvl:3  $:0  HP:0(76) Pw:54(54) AC:6  Xp:9 T:12148  Satiated Burdened

Latest messages:
 You feel that Camaxtli is well-pleased.
 You feel much better.
 The xan scratches your left boot!
 The Grey-elf thrusts his runed dagger.
 The Grey-elf hits!
 The xan scratches your right boot!
 What do you want to zap? [cswNVXZ or ?*] ?
 In what direction? 6
 The wand hits the xan!
 The wand misses the ape.
 The wand misses the ape.
 The xan scratches your right boot!
 The Grey-elf thrusts his runed dagger.
 The Grey-elf hits!
 What do you want to zap? [cswNVXZ or ?*] V
 Nothing happens.
 The xan scratches your left boot!
 Click!  The ape triggers a rolling boulder trap.
 The Grey-elf thrusts his runed dagger.
 The Grey-elf hits!
 You miss the xan.
 The xan scratches your left boot!
 The Grey-elf thrusts his runed dagger.
 The Grey-elf hits!
 The xan pricks through your right boot!
 The Grey-elf thrusts his runed dagger.
 The Grey-elf hits!
 You miss the xan.
 The xan scratches your left boot!
 The Grey-elf thrusts his runed dagger.
 The Grey-elf hits!
 The xan scratches your right boot!
 You miss the xan.
 The xan scratches your left boot!
 The Grey-elf thrusts his runed dagger.
 The Grey-elf hits!
 The xan scratches your left boot!
 You miss the xan.
 The xan scratches your left boot!
 The Grey-elf thrusts his runed dagger.
 The Grey-elf hits!
 The xan scratches your right boot!
 The Grey-elf thrusts his runed dagger.
 The Grey-elf hits!
 You die...
 Do you want your possessions identified? [ynq] (y) y
 Do you want to see your attributes? [ynq] (y) y
 Do you want an account of creatures vanquished? [ynaq] (y) n
 Do you want to see your conduct and achievements? [ynq] (y) y
 Do you want to see the dungeon overview? [ynq] (y) n

Inventory:
 Amulets  ('"')
  e - an uncursed amulet versus poison (being worn)
 Weapons  (')')
  D - 8 +0 daggers
  a - a +2 bullwhip
  F - the +0 Werebane (weapon in right hand)
 Armor    ('[')
  y - an uncursed +0 helm of telepathy (being worn)
  I - an uncursed rusty corroded +0 pair of gauntlets of power (being worn)
  t - an uncursed +0 pair of elven boots (being worn)
  Q - an uncursed +0 small shield
  u - an uncursed +0 elven cloak (being worn)
  h - an uncursed +0 leather jacket (being worn)
 Comestibles  ('%')
  C - an uncursed carrot
  m - 2 uncursed cram rations
  d - 3 uncursed food rations
  Y - an uncursed lembas wafer
  S - 3 uncursed tripe rations
 Scrolls  ('?')
  l - 2 uncursed scrolls of teleportation
 Rings    ('=')
  v - an uncursed ring of polymorph control
  J - an uncursed ring of regeneration
  j - an uncursed ring of shock resistance
 Wands    ('/')
  N - a wand of create monster (0:10)
  Z - a wand of digging (0:2)
  c - a wand of light (0:10)
  w - a wand of opening (0:7)
  X - a wand of stasis (0:5)
  V - a wand of striking (0:0)
  s - a wand of undead turning (0:5)
 Tools    ('(')
  b - an uncursed sack containing 16 items
  p - a +0 pick-axe
  k - an uncursed skeleton key
  f - a tinning kit (0:57)
  B - an uncursed towel
 Gems/Stones  ('*')
  E - an uncursed aquamarine stone
  n - an uncursed chrysoberyl stone
  r - an uncursed dilithium crystal
  H - an uncursed jacinth stone
  g - an uncursed touchstone

Contents of the sack:
  507 gold pieces
  an uncursed amulet of ESP
  a cursed scroll of create monster
  2 uncursed scrolls of earth
  an uncursed scroll of enchant armor
  an uncursed scroll of light
  an uncursed scroll of scare monster
  2 cursed scrolls of teleportation
  an uncursed potion of full healing
  an uncursed potion of invisibility
  an uncursed potion of object detection
  a blessed potion of speed
  an uncursed potion of water
  a magic marker (0:22)
  a cursed magic marker (0:20)
  an uncursed partly used tallow candle

LDaviesPeters the Archeologist's attributes:

Background:
 You were an Investigator, a level 9 female human Archeologist.
 You were neutral, on a mission for Camaxtli
 who was opposed by Quetzalcoatl (lawful) and Huhetotl (chaotic).
 You were right-handed.
 You were in Sokoban, on level 3.
 You entered the dungeon 12148 turns ago.
 There was a new moon in effect when your adventure ended.
 You had 3222 experience points, 1898 more were needed to attain level 10.

Basics:
 You had 0 out of 76 hit points.
 You had all 54 energy points (spell power).
 Your armor class was 6.
 Your wallet was empty, but
 you had 507 zorkmids stashed away in your pack.
 Autopickup was off.

Final Characteristics:
 Your strength was 25 (base:12, peak:13, innate limit:18/100).
 Your dexterity was 8 (base:9, limit:18).
 Your constitution was 18 (limit:18).
 Your intelligence was 14 (limit:18).
 Your wisdom was 16 (limit:18).
 Your charisma was 9 (limit:18).

Final Status:
 You had a wounded right leg.
 You were satiated.
 You were burdened; movement was slightly slowed.
 You were wielding a saber.
 You were unskilled in saber.

Final Attributes:
 You were piously aligned.
 You were poison resistant.
 You were telepathic.
 You had automatic searching.
 You were stealthy.
 You were warded.
 You are dead.

Miscellaneous:
 You encountered 1 bones level.
 Total elapsed playing time was 2 hours, 42 minutes and 7 seconds.

Major events:
 Turn
    1: LDaviesPeters the neutral female human Archeologist entered the dungeon
 1028: attained the rank of Field Worker (level 3)
 4863: entered the Gnomish Mines
 4944: attained the rank of Investigator (level 6)
 7249: reached Mine Town
 8197: was bestowed with Werebane by Camaxtli
10075: entered Sokoban
10356: completed 1st Sokoban level
10859: completed 2nd Sokoban level
11881: completed 3rd Sokoban level
12148: killed by a Grey-elf

Spells:
 Name                 Level Category     Fail Retention
 light                  1   divination    83%   51%-75%
 healing                1   healing       83%   51%-75%

Skills:
 Fighting Skills
   bare handed combat [Unskilled]
   two weapon combat  [Unskilled]
   riding             [Unskilled]
 Weapon Skills
   dagger             [Unskilled]
   knife              [Unskilled]
   pick-axe           [Basic]
   short sword        [Unskilled]
   saber              [Unskilled]
   club               [Unskilled]
   quarterstaff       [Unskilled]
   sling              [Unskilled]
   dart               [Unskilled]
   boomerang          [Unskilled]
   whip               [Expert]
   unicorn horn       [Unskilled]
 Spellcasting Skills
   attack spells      [Unskilled]
   healing spells     [Unskilled]
   divination spells  [Unskilled]
   matter spells      [Unskilled]

Voluntary challenges:
 Character rerolling was not enabled.
 You never genocided any monsters.
 You never polymorphed an object.
 You never changed form.
 You used no wishes.
 You did not violate any of the special Sokoban rules.
Achievements:
 You attained the rank of Field Worker.
 You entered a shop.
 You entered the Gnomish Mines.
 You attained the rank of Investigator.
 You entered Minetown.
 You entered a temple.
 You entered Sokoban.

 The Dungeons of Doom: levels 1 to 7
    Level 1:
       Many fountains.
    Level 2:
       Some fountains.
    Level 3:
       A general store, a fountain.
    Level 4:
       Stairs down to The Gnomish Mines.
    Level 5:
    Level 6:
       A fountain.
       Stairs up to Sokoban, level 5.
    Level 7:
 The Gnomish Mines: levels 5 to 8
    Level 5:
    Level 6:
    Level 7:
    Level 8:
       Many shops, a temple and an altar to Camaxtli, some fountains, a grave.
       Final resting place for
          eestinsv-Pri-Elf-Fem-Cha, killed by a watch captain,
          npexception-Tou-Hum-Mal-Neu, killed by a blast of frost exhaled by a winter wolf cub.
 Sokoban: levels 5 up to 3
    Level 3: <- You were here.
       Solved.
       Final resting place for
          you, killed by a Grey-elf.
    Level 4:
       Solved.
    Level 5:
       Solved.


Vanquished creatures:
  a ghost
  2 wargs
  a small mimic
  a gelatinous cube
  2 tengu
 an ochre jelly
  a giant beetle
  a quivering blob
  2 wolves
  a gremlin
  3 leprechauns
 an orc-captain
 an iron piercer
  2 vampire bats
  a brown pudding
 an owlbear
  4 lizards
  a raven
  4 Woodland-elves
 an imp
  2 quasits
  2 wood nymphs
  2 mountain nymphs
 11 Uruk-hai
  3 rock piercers
  5 rock moles
  3 yellow lights
  a shrieker
  a violet fungus
  6 gnome leaders
  a gnomish wizard
  a kobold mummy
  8 floating eyes
  9 dwarves
  2 homunculi
 11 hill orcs
  6 rothes
  2 rabid rats
  a centipede
  5 giant bats
  5 orc zombies
  2 dwarf zombies
  a wererat
  3 werejackals
  9 iguanas
  8 killer bees
  2 acid blobs
  4 coyotes
  a gas spore
  2 hobbits
 21 manes
  a large kobold
  4 hobgoblins
  3 giant rats
  3 cave spiders
  5 yellow molds
  a green mold
  2 red molds
 34 gnomes
  7 geckos
  5 jackals
  2 foxes
  3 goblins
  4 sewer rats
 14 grid bugs
  a bat
 11 lichens
  2 kobold zombies
 13 newts
287 creatures vanquished.

No species were genocided or became extinct.

Game over:
                       ----------
                      /          \
                     /    REST    \
                    /      IN      \
                   /     PEACE      \
                  /                  \
                  |  LDaviesPeters   |
                  |      507 Au      |
                  |   killed by a    |
                  |     Grey-elf     |
                  |                  |
                  |                  |
                  |       2026       |
                 *|     *  *  *      | *
        _________)/\\_//(\/(/\)/\//\/|_)_______

Goodbye LDaviesPeters the Archeologist...

You died in Sokoban on dungeon level 3 with 13725 points,
and 507 pieces of gold, after 12148 moves.
You were level 9 with a maximum of 76 hit points when you died.

